 Dungeon Crawl Stone Soup version 0.30-a0-709-gcdc1b43e22 (webtiles) character file.

Game seed: 10094028058139307577

1092 Citaku the Covered (level 8, -6/70 HPs)
             Began as a Minotaur Fighter on Jan 22, 2023.
             Was an Initiate of Gozag.
             Mangled by a komodo dragon (11 damage)
             ... on level 7 of the Dungeon.
             The game lasted 00:06:50 (4785 turns).

Citaku the Covered (Minotaur Fighter)               Turns: 4785, Time: 00:06:51

Health: -6/70      AC: 13    Str: 24    XL:     8   Next: 9%
Magic:  7/7        EV:  6    Int:  5    God:    Gozag
Gold:   274        SH: 14    Dex: 15    Spells: 7/7 levels left

rFire   . . .      SeeInvis .    a - +0 war axe
rCold   . . .      Faith    .    p - +0 tower shield
rNeg    . . .      Spirit   .    b - +0 scale mail
rPois   .          Reflect  .    (helmet restricted)
rElec   .          Harm     .    x - +0 cloak
rCorr   .          Rampage  .    (no gloves)
Will    .....                    (no boots) Stlth
                                 (no amulet)
HPRegen 0.31/turn                t - ring of Jagrergh {Fly Dex+6}
MPRegen 0.10/turn                A - +4 ring of protection

@: mighty, flying, mesmerised
A: horns 2, retaliatory headbutt
a: Renounce Religion, Potion Petition, Call Merchant, Bribe Branch


You were on level 7 of the Dungeon.
You worshipped Gozag.
Gozag was aware of your devotion.
You visited 2 branches of the dungeon, and saw 8 of its levels.

You collected 350 gold pieces.
You paid 76 gold pieces to Gozag.

Inventory:

Hand Weapons
 a - a +0 war axe (weapon)
Armour
 b - a +0 scale mail (worn)
 p - a +0 tower shield (worn)
 x - a +0 cloak (worn)
Jewellery
 t - the ring of Jagrergh (left hand) {Fly Dex+6}
   (You found it on level 3 of the Dungeon)

   [ring of dexterity]

   Dex:       It affects your dexterity (+6).
   Fly:       It grants you flight.
 A - a +4 ring of protection (right hand)
Wands
 w - a wand of paralysis (13)
 E - a wand of digging (4)
 F - a wand of iceblast (3)
Scrolls
 c - 2 scrolls of teleportation {unknown}
 g - 2 scrolls of poison {unknown}
 i - 3 scrolls of fog {unknown}
 j - 4 scrolls of identify {unknown}
 l - 2 scrolls of blinking {unknown}
 m - 3 scrolls of fear {unknown}
 o - a scroll of butterflies {unknown}
 q - 2 scrolls of silence {unknown}
 r - a scroll of immolation {unknown}
 y - a scroll of amnesia {unknown}
 z - 2 scrolls of enchant weapon {unknown}
 B - 2 scrolls of magic mapping {unknown}
 C - 3 scrolls of torment {unknown}
Potions
 d - a potion of might
 e - a potion of brilliance {unknown}
 f - a potion of cancellation {unknown}
 h - 2 potions of resistance {unknown}
 k - a potion of lignification {unknown}
 n - 3 potions of curing {unknown}
 s - 3 potions of mutation {unknown}
 u - 2 potions of heal wounds {unknown}
 v - 3 potions of flight {unknown}
 D - a potion of berserk rage {unknown}


   Skills:
 + Level 5.9 Fighting
 * Level 6.9 Axes
 * Level 7.6 Armour
 + Level 5.7 Shields


You had 7 spell levels left.
You didn't know any spells.
Your spell library contained the following spells:

 Spells                   Type           Power      Damage    Failure   Level
 Necrotise                Necr           0%         1d4       100%        1
 Vampiric Draining        Necr           0%         2d6       100%        3
 Summon Lightning Spire   Summ/Air       0%         N/A       100%        4
 Agony                    Necr           0%         N/A       100%        5
 Storm Form               Tmut/Air       0%         N/A       100%        7
 Maxwell's Capacitive Co  Air            0%         ∞         100%        8


Dungeon Overview and Level Annotations

Branches:
Dungeon (6/15)             Temple (1/1) D:6

Altars:
Ashenzari
Cheibriados
Dithmenos
Elyvilon
Fedhas
Gozag
Hepliaklqana
Kikubaaqudgha
Nemelex Xobeh
Okawaru
Qazlal
Trog
Uskayaw
Wu Jian
Xom
Yredelemnul
Zin

Annotations:
D:7 Maggie


Innate Abilities, Weirdness & Mutations

You have a pair of horns on your head.
You reflexively headbutt those who attack you in melee.


Message History

A komodo dragon comes into view.
Maggie barely misses you. You furiously retaliate!
You headbutt Maggie! You hit Maggie but do no damage.
Maggie is moderately wounded.
Maggie zaps a wand.
The puff of flame hits you!
You barely miss Maggie.
Maggie is moderately wounded.
Maggie gestures at you while chanting. The bolt of fire hits you!!
Maggie drinks a potion.
Maggie seems to speed up.
You slash Maggie!
Maggie is moderately wounded.
You slash the komodo dragon! You block Maggie's attack.
An orc comes into view. It is wielding a +0 short sword.
Something unseen opens the door.
An orc wizard comes into view. It is wielding a +0 dagger.
The komodo dragon bites you but does no damage.
Maggie zaps a wand.
The puff of flame hits you.
An orc comes into view. It is wielding a +0 dagger.
You slash Maggie! You headbutt Maggie, but do no damage.
Maggie is heavily wounded.
You hit the komodo dragon.
Maggie zaps a wand.
You block the puff of flame. The komodo dragon bites you!!
* * * LOW HITPOINT WARNING * * *
Maggie gestures wildly while chanting.
Maggie draws you further into her thrall.
The komodo dragon bites you but does no damage.
An orc warrior comes into view. It is wielding a +4 war axe.
You hit Maggie.
Maggie is heavily wounded.
You hit the komodo dragon but do no damage.
Maggie casts a spell.
Maggie draws you further into her thrall.
You block Maggie's attack. The komodo dragon closely misses you.
You furiously retaliate!
You headbutt the komodo dragon!
You feel very mighty all of a sudden. Maggie hits you with a +0 war axe.
* * * LOW HITPOINT WARNING * * *
The komodo dragon bites you!
You die...
Your body crumbles into a pile of gold.

##.###.##############..####......
##.....##########.# ##...########
..................# ###.#
#################.# #.# #.# #.#
#.# #.# #.#####.# #.. ##.?....o##
##. .......@o.# # .......l@.oo...
..........#.... ######!#....##. #
..#....# .#. ##........ ....#
#.#....##. #.. #. ##### #


You could see Maggie (mesmerising, fast), a komodo dragon, an orc warrior, an
orc wizard and 2 orcs.

Vanquished Creatures
  Edmund (D:5)
  3 sky beasts
  3 ogres
  A jelly (D:6)
  3 iguanas
  3 hounds
  Ijyb (D:5)
  5 orc wizards
  4 adders
  2 worms (D:3)
  3 dart slugs
  12 orcs
  6 ball pythons
  5 bats (D:1)
  4 endoplasms
  3 giant cockroaches
  A goblin (D:3)
  4 hobgoblins
  2 jackals (D:1)
  5 quokkas
  4 frilled lizards
  3 kobolds
  6 rats
84 creatures vanquished.

Notes
Turn   | Place    | Note
-------+----------+-------------------------------------------
     0 | D:1      | Citaku the Minotaur Fighter began the quest for the Orb.
     0 | D:1      | Reached XP level 1. HP: 19/19 MP: 0/0
    91 | D:1      | Reached XP level 2. HP: 27/27 MP: 1/1
   121 | D:1      | Reached skill level 4 in Armour
   579 | D:2      | Found a faded altar of an unknown god.
   628 | D:2      | Reached XP level 3. HP: 33/33 MP: 2/2
  1222 | D:3      | Reached XP level 4. HP: 10/40 MP: 3/3
  1570 | D:3      | Identified the ring of Jagrergh {Fly Dex+6}
  1652 | D:4      | Found a broken altar of Ashenzari.
  1916 | D:4      | Reached skill level 5 in Armour
  1921 | D:4      | Reached XP level 5. HP: 14/47 MP: 4/4
  2233 | D:4      | Noticed an ogre
  2243 | D:4      | Killed an ogre
  2460 | D:4      | Reached XP level 6. HP: 53/53 MP: 5/5
  2460 | D:4      | Found an ornate altar of the Wu Jian Council.
  2461 | D:4      | Found a hide-covered altar of Uskayaw.
  2462 | D:4      | Found a basalt altar of Yredelemnul.
  2464 | D:4      | Found a blossoming altar of Fedhas.
  2465 | D:4      | Found a white marble altar of Elyvilon.
  2735 | D:5      | Entered Level 5 of the Dungeon
  3161 | D:5      | Reached skill level 5 in Axes
  3313 | D:5      | Noticed Ijyb
  3327 | D:5      | Paralysed by Ijyb for 4 turns
  3331 | D:5      | Killed Ijyb
  3407 | D:5      | Noticed Edmund
  3413 | D:5      | Killed Edmund
  3414 | D:5      | Reached skill level 5 in Fighting
  3414 | D:5      | Reached skill level 6 in Armour
  3729 | D:6      | Reached skill level 5 in Shields
  3729 | D:6      | Reached XP level 7. HP: 61/61 MP: 6/6
  3854 | D:6      | Found a bloodstained altar of Trog.
  4103 | D:6      | Found a staircase to the Ecumenical Temple.
  4187 | Temple   | Entered the Ecumenical Temple
  4187 | Temple   | Found a transporter.
  4187 | Temple   | Found a transporter.
  4189 | Temple   | Found a transporter.
  4189 | Temple   | Found a transporter.
  4206 | Temple   | Became a worshipper of Gozag Ym Sagoz the Greedy
  4510 | D:6      | You are sucked into a shaft and drop 1 floor!
  4564 | D:7      | Reached skill level 7 in Armour
  4585 | D:7      | Reached XP level 8. HP: 66/70 MP: 7/7
  4744 | D:7      | Found a sparkling altar of Nemelex Xobeh.
  4773 | D:7      | Noticed Maggie
  4779 | D:7      | Noticed a komodo dragon
  4785 | D:7      | Mangled by a komodo dragon

Illustrated notes

Levels and vault maps discovered:
D:1:      lightli_arrival_lavapool, layout_rooms
D:2:      layout_basic, chequers_ecumenical_altar_simple
D:3:      layout_rooms, minmay_misc_feat_rugged
D:4:      layout_loops_ring, mainiacjoe_overflow_boulevard, minitemple
D:5:      layout_basic, uniq_edmund, uniq_ijyb
D:6:      layout_basic, lemuel_crystal_altar, minmay_temple_entry_statues
D:7:      statuecave_lemuel, layout_basic, nemelex_dance_club_becter,
          serial_shops, shop, uniq_maggie, uniq_duvessa
Temple:   hellmonk_temple_divided_pantheon

Skill      XL: |  1  2  3  4  5  6  7 |
---------------+----------------------+-----
Armour         | 4 5 6 7 |  7.6
Axes           | 3 4 5 6 |  6.9
Fighting       | 4 5 |  5.9
Shields        | 4 5 |  5.7

Action                     |  1- 3 |  4- 6 |  7- 9 || total
---------------------------+-------+-------+-------++-------
  Melee: War axe           |    73 |    93 |    59 ||   225
         Headbutt          |    12 |    18 |     6 ||    36
    Use: Potion            |       |     2 |     1 ||     3
 Armour: Scale mail        |    31 |    27 |    32 ||    90
  Dodge: Dodged            |    31 |    16 |    12 ||    59
  Block: Buckler           |     3 |       |       ||     3
         Kite shield       |     7 |       |       ||     7
         Tower shield      |    26 |    66 |    30 ||   122

Table legend: (Time is in decaauts)
 A = Elapsed time spent in this place.
 B = Non-inter-level travel time spent in this place.
 C = Inter-level travel time spent in this place.
 D = Time resting spent in this place.
 E = Time spent auto-exploring this place.
 F = Levels seen in this place.
 G = Mean time per level.
                   A        B        C        D        E       F      G
               +--------+--------+--------+--------+--------+-----+--------+
         Total |   4919 |   4811 |    108 |      0 |   3960 |   8 |  614.9 |
       Dungeon |   4869 |   4772 |     97 |      0 |   3960 |   7 |  695.6 |
        Temple |     49 |     39 |     10 |      0 |      0 |   1 |   49.0 |
               +--------+--------+--------+--------+--------+-----+--------+

Top non-repeatable levels by time:
     D:4: 1155 daAuts
     D:5: 1005 daAuts
     D:6: 753 daAuts
     D:3: 653 daAuts
     D:1: 548 daAuts
     D:2: 457 daAuts
     D:7: 295 daAuts
  Temple: 49 daAuts
